 Dungeon Crawl Stone Soup version 0.14.0-12-g87ee3b7 (webtiles) character file.

1053 MDvedh the Basher (level 8, -1/66 HPs)
             Began as a Hill Orc Monk on Apr 16, 2014.
             Slain by an ogre
             ... wielding a +0,+0 giant spiked club
              (29 damage)
             ... on Level 4 of the Dungeon.
             The game lasted 00:10:35 (4359 turns).

MDvedh the Basher (Hill Orc Monk)                   Turns: 4359, Time: 00:10:35

HP  -1/66        AC 15     Str 17      XL: 8   Next:  0%
MP   8/8         EV  8     Int 10      God:
Gold 206         SH  0     Dex 13      Spells:  0 memorised,  7 levels left

rFire  . . .     SeeInvis +     j - +2,+1 dire flail (protect)
rCold  . . .     Clarity  .     i - +0 scale mail
rNeg   . . .     Conserve .     (no shield)
rPois  .         rCorr    .     a - +0 helmet
rElec  .         rRot     .     u - +2 cloak
SustAb . .       Spirit   .     (no gloves)
rMut   .         Warding  .     (no boots)
Saprov + . .     Stasis   .     (no amulet)
MR     .....                    q - ring of see invisible
                                f - +1 ring of strength

@: not resistant to hostile enchantments, extremely unstealthy
A: saprovore 1
a: no special abilities


You were on level 4 of the Dungeon.
You were not hungry.

You visited 1 branch of the dungeon, and saw 4 of its levels.

You collected 206 gold pieces.

Inventory:

Hand weapons
 e - a +0,+0 mace
 j - a +2,+1 dire flail of protection (weapon)
 t - a +0,+0 hand axe
 w - a +1,+1 mace of draining
Armour
 a - a +0 helmet (worn)
 i - a +0 scale mail (worn)
 u - a +2 cloak (worn)
Comestibles
 s - 2 bread rations
Scrolls
 b - a scroll of blinking {unknown}
 c - a scroll of fear
 l - a scroll of remove curse
 m - a scroll of noise {unknown}
 n - a scroll of amnesia
 A - a scroll of recharging
Jewellery
 d - a +1 ring of dexterity
 f - a +1 ring of strength (left hand)
 k - an uncursed ring of fire
 q - a ring of see invisible (right hand)
Potions
 g - a potion of brilliance
 h - 3 potions of curing
 B - a potion of restore abilities {unknown}
Books
 p - a book of Enchantments

   Spells                             Type                      Level
   Cause Fear                         Hexes                        4
   Silence                            Hexes/Air                    5
   Tukima's Dance                     Hexes                        5
   Deflect Missiles                   Charms/Air                   6
   Haste                              Charms                       6
   Discord                            Hexes                        8


   Skills:
 - Level 4.2 Fighting
 - Level 1.8 Axes
 + Level 9.1 Maces & Flails
 - Level 2.4 Dodging
 - Level 1.5 Stealth
 - Level 4.3 Unarmed Combat


You had 7 spell levels left.
You didn't know any spells.

Dungeon Overview and Level Annotations

Branches:
Dungeon (4/15)
 Temple: D:4-7

Altars:

Shops:
D:4 =


Innate Abilities, Weirdness & Mutations

You can tolerate rotten meat.


Message History

The worker ant bites you but does no damage.
You puncture the worker ant!
You kill the worker ant!
You have reached level 8!
The ogre hits you with a giant spiked club!
You hit the ogre.
The ogre is lightly wounded.
An ogre comes into view. It is wielding a giant club.
You puncture the ogre!
The ogre is heavily wounded.
The ogre hits you with a giant spiked club!
You sock the ogre!
The ogre is severely wounded.
You puncture the ogre!
The ogre is almost dead.
The ogre hits you but does no damage.
You barely miss the ogre.
The ogre is almost dead.
The ogre hits you with a giant spiked club!
You die...

... ♣.♣..........
.............).... #.
.................. ##.
..................
#...##..O..............
...#..................
..(.................
#.%O...............
###.@.....♣.♣♣.......
###.##........♣♣♣......
##....#......P.P♣♣♣.....
#............♣P.♣♣♣♣....
##.#.........♣♣P.P♣♣....
####.#......♣♣♣P.......
##.#........♣♣♣.P♣...#
#.....................
###....................


You could see 2 ogres.

Vanquished Creatures
  Pikel (D:3)
  An ogre (D:4)
  A scorpion (D:4)
  2 orc wizards (D:4)
  2 worker ants (D:4)
  Ijyb (D:4)
  6 adders
  A worm (D:4)
  Edmund (D:4)
  A giant gecko (D:2)
  2 oozes
  8 orcs
  A giant cockroach (D:1)
  9 goblins
  9 hobgoblins
  5 jackals
  5 kobolds
  4 quokkas
  8 bats
  A giant gecko skeleton (D:4)
  3 giant newts
  A hobgoblin skeleton (D:4)
  8 rats
81 creatures vanquished.

Notes
Turn   | Place    | Note
--------------------------------------------------------------
     0 | D:1      | MDvedh, the Hill Orc Monk, began the quest for the Orb.
     0 | D:1      | Reached XP level 1. HP: 19/19 MP: 1/1
   252 | D:1      | Reached XP level 2. HP: 24/27 MP: 2/2
   811 | D:1      | Reached skill level 1 in Maces & Flails
  1392 | D:1      | Reached XP level 3. HP: 33/33 MP: 3/3
  2234 | D:2      | Reached XP level 4. HP: 37/40 MP: 4/4
  2362 | D:3      | Reached skill level 1 in Axes
  3232 | D:4      | Reached XP level 5. HP: 46/46 MP: 5/5
  3333 | D:4      | Noticed Edmund
  3376 | D:4      | Killed Edmund
  3844 | D:4      | Found Klos Ahatau's Jewellery Shoppe.
  3932 | D:4      | Reached skill level 5 in Maces & Flails
  3970 | D:4      | Noticed an ogre
  3976 | D:4      | Killed an ogre
  3976 | D:4      | Reached skill level 6 in Maces & Flails
  3976 | D:4      | Reached XP level 6. HP: 33/52 MP: 6/6
  4128 | D:4      | Noticed a slave
  4130 | D:4      | Noticed Pikel
  4131 | D:4      | Noticed a slave
  4131 | D:4      | Noticed a slave
  4131 | D:4      | Noticed a slave
  4217 | D:3      | Killed Pikel
  4217 | D:3      | Reached skill level 9 in Maces & Flails
  4217 | D:3      | Reached XP level 7. HP: 56/59 MP: 7/7
  4301 | D:4      | Noticed Ijyb
  4310 | D:4      | Killed Ijyb
  4350 | D:4      | Noticed an ogre
  4354 | D:4      | Reached XP level 8. HP: 66/66 MP: 8/8
  4356 | D:4      | Noticed an ogre
  4359 | D:4      | Slain by an ogre

Action                   |  1- 3 |  4- 6 |  7- 9 || total
-------------------------+-------+-------+-------++-------
Melee: Unarmed           |    21 |       |       ||    21
       Mace              |   114 |    89 |       ||   203
       Hand axe          |       |    18 |       ||    18
       Dire flail        |       |    62 |    13 ||    75
  Use: Scroll            |       |    13 |       ||    13
       Potion            |       |     3 |       ||     3
